 Dungeon Crawl Stone Soup version 0.27.1-1-g398f81649c (webtiles) character file.

Game seed: 6575842663961375872

31 r3algood3 the Magician (level 3, 0/19 HPs)
             Began as a Deep Elf Hedge Wizard on Sept 7, 2021.
             Succumbed to an adder's poison
             ... on level 2 of the Dungeon.
             The game lasted 00:03:46 (947 turns).

r3algood3 the Magician (Deep Elf Hedge Wizard)       Turns: 947, Time: 00:03:47

Health: 0/19       AC:  3    Str:  7    XL:     3   Next: 7%
Magic:  3/11       EV: 12    Int: 19    God:
Gold:   35         SH:  0    Dex: 14    Spells: 10/11 levels left

rFire    . . .     SeeInvis .   i - +2 whip (venom)
rCold    . . .     Faith    .   (no shield)
rNeg     . . .     Spirit   .   b - +0 robe
rPois    .         Reflect  .   c - +0 hat
rElec    .         Harm     .   (no cloak)
rCorr    .         Rampage  .   (no gloves)
Will     .....                  k - +0 pair of boots
Stlth    ++........             (no amulet)
HPRegen  0.06/turn              (no ring)
MPRegen  0.12/turn              (no ring)

@: lethally poisoned (0 -> -2)
A: no striking features
a: no special abilities


You were on level 2 of the Dungeon.
You visited 1 branch of the dungeon, and saw 2 of its levels.

You collected 35 gold pieces.

Inventory:

Hand Weapons
 a - a +0 dagger
 i - a +2 whip of venom (weapon)
 j - a +0 antimagic dagger
Armour
 b - a +0 robe (worn)
 c - a +0 hat (worn)
 k - a +0 pair of boots (worn)
Jewellery
 e - an amulet of faith
Scrolls
 g - a scroll of enchant armour {unknown}
 h - 2 scrolls of identify {unknown}
Potions
 d - a potion of degeneration {unknown}
 f - a potion of curing {unknown}
 l - 2 potions of invisibility {unknown}


   Skills:
 + Level 2.6 Dodging
 + Level 2.8 Stealth
 + Level 4.7 Spellcasting
 + Level 1.6 Conjurations
 + Level 1.7 Summonings
 + Level 1.6 Translocations


You had 10 spell levels left.
You knew the following spells:

 Your Spells              Type           Power      Damage    Failure   Level
a - Magic Dart            Conj           40%        1d5       7%          1

Your spell library contained the following spells:

 Spells                   Type           Power      Damage    Failure   Level
 Blink                    Tloc           N/A        N/A       10%         2
 Call Imp                 Summ           11%        N/A       10%         2
 Slow                     Hex            4%         N/A       19%         2
 Conjure Flame            Conj/Fire      7%         6-21      26%         3
 Mephitic Cloud           Conj/Pois/Air  6%         N/A       30%         3


Dungeon Overview and Level Annotations

Branches:
Dungeon (1/15)

Altars:


Message History

Aim: an adder (severely wounded, 100% to hit)
The magic dart hits the adder.
The adder is almost dead.
You feel sick. The adder bites you.
You are lethally poisoned!
The adder poisons you!
Unknown command.
Casting: Magic Dart (safe; 8% risk of failure)
Confirm with . or Enter, or press ? or * to list all spells.
Aiming: Magic Dart (safe; 8% risk of failure)
Press: ? - help, Shift-Dir - straight line, f/p - adder
Aim: an adder (almost dead, 100% to hit)
The magic dart hits the adder.
You kill the adder!
You feel sick.
You have reached level 3!
Your experience leads to an increase in your attributes!
Increase (S)trength, (I)ntelligence, or (D)exterity?
You feel clever.
There is a lethal amount of poison in your body!
There is a lethal amount of poison in your body!
There is a lethal amount of poison in your body!
* * * LOW HITPOINT WARNING * * *
You feel sick.
* * * LOW HITPOINT WARNING * * *
You feel sick.
Your magical contamination has completely faded away.
There is a lethal amount of poison in your body!
There is a lethal amount of poison in your body!
There is a lethal amount of poison in your body!
* * * LOW HITPOINT WARNING * * *
You feel sick.
There is a lethal amount of poison in your body!
* * * LOW HITPOINT WARNING * * *
You feel sick.
There is an escape hatch in the floor here.
There is a lethal amount of poison in your body!
* * * LOW HITPOINT WARNING * * *
You feel sick.
You die...

#......#.##.##.........
#......#..##.#.........
+......#..#.##..)....†.
......#..#.#......###†
#...#.........###..†
#...#.......÷##P....
#†#.#........##....#
#.#.#÷#.#######.P..#
#.#@..#.# #P...#
#.##..#.# ##..P# #.
#..#.# #.### #. ##.#.#
### .. #...# #...#
....# ##...


There were no monsters in sight!

Vanquished Creatures
  An adder (D:2)
  2 dart slugs (D:1)
  3 bats (D:1)
  A goblin (D:2)
  2 kobolds (D:1)
  A quokka (D:1)
  10 frilled lizards
  2 rats
22 creatures vanquished.

Vanquished Creatures (others)
  3 plants (D:2)
3 creatures vanquished.

Grand Total: 25 creatures vanquished

Notes
Turn   | Place    | Note
-------+----------+-------------------------------------------
     0 | D:1      | r3algood3 the Deep Elf Hedge Wizard began the quest for the
                  | Orb.
     0 | D:1      | Reached XP level 1. HP: 10/10 MP: 7/7
   374 | D:1      | Reached XP level 2. HP: 10/15 MP: 3/9
   679 | D:1      | You fall into a shaft and drop 1 floor!
   682 | D:2      | Found a faded altar of an unknown god.
   942 | D:2      | Reached XP level 3. HP: 7/19 MP: 2/11
   947 | D:2      | Succumbed to an adder's poison

Illustrated notes

Levels and vault maps discovered:
D:1:      lemuel_arrival_room, layout_basic
D:2:      layout_basic, chequers_ecumenical_altar_twisty, basic_altar,
          roderic_serpentine_path, minmay_lizard_king

Action                   || total
-------------------------++-------
Melee: Whip              ||     4
 Cast: Magic Dart        ||    44
Armor: Robe              ||     6
Dodge: Dodged            ||     9
